 Dungeon Crawl Stone Soup version 0.31-a0-142-g31f6795574 (webtiles) character file.

Game seed: 1697035324890990730

35 Faragor the Chiller (level 3, -1/19 HPs)
             Began as a Deep Elf Ice Elementalist on June 3, 2023.
             Slain by a black bear (2 damage)
             ... on level 3 of the Dungeon.
             The game lasted 00:10:53 (1873 turns).

Faragor the Chiller (Deep Elf Ice Elementalist)     Turns: 1873, Time: 00:10:53

Health: -1/19      AC:  2    Str:  5    XL:     3   Next: 16%
Magic:  10/10      EV: 12    Int: 21    God:
Gold:   84         SH:  0    Dex: 15    Spells: 8/9 levels left

rFire   + . .        d - +0 hand axe
rCold   x . .        (no shield)
rNeg    . . .        a - +0 robe
rPois   .            (no helmet)
rElec   .            (no cloak)
rCorr   .            (no gloves)
SInv    .            (no boots)
Will    .....        (no amulet)
Stlth   ++           c - ring of fire
HPRegen 0.23/turn    (no ring)
MPRegen 0.12/turn

%: no passive effects
@: no status effects
A: no striking features
a: no special abilities


You were on level 3 of the Dungeon.
You visited 1 branch of the dungeon, and saw 3 of its levels.

You collected 84 gold pieces.

Inventory:

Hand Weapons
 d - a +0 hand axe (weapon)
 f - a +0 spear
Armour
 a - a +0 robe (worn)
Jewellery
 c - a ring of fire (left hand)
Scrolls
 e - 2 scrolls of vulnerability
 i - 2 scrolls of poison
 j - a scroll of enchant weapon {unknown}
Potions
 b - a potion of magic
 g - a potion of cancellation
 h - a potion of brilliance


   Skills:
 - Level 2.4 Dodging
 - Level 2.6 Stealth
 * Level 3.9 Spellcasting
 + Level 5.1 Ice Magic


You had 8 spell levels left.
You knew the following spells:

 Your Spells              Type           Power      Damage    Failure   Level
a - Freeze                Ice            100%       1d10      1%          1

Your spell library contained the following spells:

 Spells                   Type           Power      Damage    Failure   Level
 Frozen Ramparts          Ice            50%        1d8       4%          3
 Ozocubu's Armour         Ice            25%        N/A       4%          3
 Summon Ice Beast         Ice/Summ       14%        N/A       38%         4
 Petrify                  Tmut/Erth      4%         N/A       77%         4
 Statue Form              Tmut/Erth      2%         N/A       100%        6
 Dragon Form              Tmut           2%         N/A       100%        7
 Storm Form               Tmut/Air       2%         N/A       100%        7
 Necromutation            Tmut/Necr      2%         N/A       100%        8


Dungeon Overview and Level Annotations

Branches:
Dungeon (3/15)

Altars:


Message History

Casting: Freeze (safe; 1% risk of failure)
Confirm with . or Enter, or press ? or * to list all spells.
Aiming: Freeze (safe; 1% risk of failure)
Press: ? - help, Shift-Dir - straight line, f - rat
Aim: a rat (asleep)
You freeze the rat.
You kill the rat!
You fall into a shaft and drop 1 floor!
The shaft crumbles and collapses.
Found a scroll of vulnerability.
Found 4 gold pieces.
e - 2 scrolls of vulnerability (gained 1)
You now have 84 gold pieces (gained 4).
Found 3 scrolls labelled WIXKEA XOLEHO.
i - 3 scrolls labelled WIXKEA XOLEHO The air fills with toxic fumes!
As you read the scroll labelled WIXKEA XOLEHO, it crumbles to dust.
It was a scroll of poison.
You start waiting.
Done waiting.
A black bear comes into view.
Found a scroll labelled VYKILI QEGEA.
The black bear growls angrily.
Found a stone staircase leading up.
There is a stone staircase leading up here.
You see here a scroll labelled VYKILI QEGEA.
j - a scroll labelled VYKILI QEGEA A black bear is nearby!
The black bear bites you! The black bear claws you.
The black bear closely misses you. The black bear bites you.
* * * LOW HITPOINT WARNING * * *
The black bear barely misses you. The black bear claws you.
* * * LOW HITPOINT WARNING * * *
There is a stone staircase leading up, spattered with blood here.
You can't go down here!
You can't go down here!
You can't go down here!
The black bear closely misses you. The black bear claws you.
You die...

#...... #.#.#.. #####
#.#.#.# # .....
#.#.##. #. #.#.#
#.#.##. #.. #.#.#
#.#.##. #..##.#.#
#.#.##.
###.....#.#######
#.#.##.
........h@....... #.#
#.
####.##.############.#
#.
..h..................#
#.
####.##.##############
# #.# #.. ###


You could see a black bear.

Vanquished Creatures
  A worm (D:2)
  6 ball pythons
  2 endoplasms (D:1)
  A giant cockroach (D:1)
  8 hobgoblins
  2 jackals (D:2)
  3 bats
  A frilled lizard (D:2)
  3 kobolds
  2 rats
29 creatures vanquished.

Notes
Turn   | Place    | Note
-------+----------+-------------------------------------------
     0 | D:1      | Faragor the Deep Elf Ice Elementalist began the quest for
                  | the Orb.
     0 | D:1      | Reached XP level 1. HP: 10/10 MP: 6/6
   153 | D:1      | Reached XP level 2. HP: 14/15 MP: 0/8
   664 | D:1      | Reached skill level 5 in Ice Magic
   879 | D:1      | Identified a scroll of acquirement
   879 | D:1      | Acquired Numa's Lectures on Transmutation
  1140 | D:2      | Reached XP level 3. HP: 19/19 MP: 7/10
  1683 | D:2      | You fall into a shaft and drop 1 floor!
  1863 | D:3      | Noticed a black bear
  1873 | D:3      | Slain by a black bear

Illustrated notes

Levels and vault maps discovered:
D:1:      eino_arrival_cavern_b, layout_basic
D:2:      layout_loops_ring, shapermc_ecumenical_altar_ellora,
          nicolae_concentric_dashed_squares_mild
D:3:      layout_basic, nemelex_altar_shiori, nrook_loot_triangle,
          chequers_arboretum

Skill      XL: |  1  2 |
---------------+-------+-----
Ice Magic      | 5 |  5.1
Dodging        | |  2.4
Stealth        | |  2.6
Spellcasting   | |  3.9

Action                     || total
---------------------------++-------
  Melee: Hand axe          ||    11
   Cast: Freeze            ||    39
    Use: Scroll            ||     5
         Potion            ||     4
   Stab: Sleeping          ||     1
 Armour: Robe              ||     4
  Dodge: Dodged            ||    28

Table legend: (Time is in decaauts)
 A = Elapsed time spent in this place.
 B = Non-inter-level travel time spent in this place.
 C = Inter-level travel time spent in this place.
 D = Time resting spent in this place.
 E = Time spent auto-exploring this place.
 F = Levels seen in this place.
 G = Mean time per level.
                   A        B        C        D        E       F      G
               +--------+--------+--------+--------+--------+-----+--------+
         Total |   1878 |   1878 |      0 |    471 |      0 |   3 |  626.0 |
       Dungeon |   1878 |   1878 |      0 |    471 |      0 |   3 |  626.0 |
               +--------+--------+--------+--------+--------+-----+--------+

Top non-repeatable levels by time:
     D:1: 887 daAuts
     D:2: 801 daAuts
     D:3: 189 daAuts
